 Dungeon Crawl Stone Soup version 0.29-a0-824-gd827844252 (webtiles) character file.

Game seed: 13639390693504711991

986 buhh the Insei (level 8, 0/54 HPs)
             Began as an Octopode Transmuter on July 9, 2022.
             Slain by Duvessa
             ... wielding a +0 short sword
              (2 damage)
             ... on level 6 of the Dungeon.
             The game lasted 00:05:08 (6070 turns).

buhh the Insei (Octopode Transmuter)                Turns: 6070, Time: 00:05:09

Health: 0/54       AC:  2    Str: 10    XL:     8   Next: 18%
Magic:  4/11       EV: 22    Int: 17    God:
Gold:   217        SH:  0    Dex: 17    Spells: 5/11 levels left

rFire   . . .      SeeInvis .     - Unarmed
rCold   . . .      Faith    .   (shield currently unavailable)
rNeg    . . .      Spirit   .   (helmet currently unavailable)
rPois   x          Reflect  .   (no amulet)
rElec   .          Harm     .   (no ring)
rCorr   .          Rampage  .   (no ring)
Will    .....                   (no ring)
Stlth   ++........              (no ring)
HPRegen 0.18/turn               (no ring)
MPRegen 0.12/turn               (no ring)
                                (no ring)
                                (no ring)

@: spider-form (expiring), very slightly contaminated
A: venomous fangs, almost no armour, (amphibious), 8 rings, tiny, (camouflage
1), (gelatinous body 1), (nimble swimmer 1), (tentacles)
a: End Transformation


You were on level 6 of the Dungeon.
You were a venomous arachnid creature.
You visited 2 branches of the dungeon, and saw 7 of its levels.

You collected 217 gold pieces.

Inventory:

Wands
 k - a wand of flame (8)
Scrolls
 c - 3 scrolls of teleportation {!d}
 d - a scroll of magic mapping {!r!d}
 h - a scroll of fog
Potions
 a - a potion of degeneration {unknown}
 b - a potion of mutation {unknown}
 e - 3 potions of curing {!q!d}
 f - a potion of magic {!q!d}
 j - a potion of flight


   Skills:
 + Level 4.6 Fighting
 + Level 5.0 Dodging
 - Level 2.0 Stealth
 + Level 5.5 Unarmed Combat
 - Level 2.0 Spellcasting
 + Level 3.3 Transmutations
 + Level 2.4 Ice Magic
 - Level 1.0 Poison Magic


You had 5 spell levels left.
You knew the following spells:

 Your Spells              Type           Power      Damage    Failure   Level
a - Beastly Appendage     Tmut           24%        N/A       14%         1
b - Wereblood             Tmut           12%        N/A       21%         2
c - Spider Form           Tmut/Pois      9%         N/A       45%         3

Your spell library contained the following spells:

 Spells                   Type           Power      Damage    Failure   Level
 Magic Dart               Conj           4%         1d3       38%         1
 Ensorcelled Hibernation  Hex/Ice        10%        N/A       38%         2
 Ozocubu's Armour         Ice            9%         N/A       43%         3
 Call Imp                 Summ           1%         N/A       50%         2
 Mephitic Cloud           Conj/Pois/Air  2%         N/A       67%         3
 Gell's Gravitas          Tloc           1%         N/A       71%         3
 Teleport Other           Tloc           1%         N/A       71%         3
 Ice Form                 Ice/Tmut       11%        N/A       73%         4
 Anguish                  Hex/Necr       0%         N/A       96%         4
 Metabolic Englaciation   Hex/Ice        2%         N/A       99%         5
 Dispersal                Tloc           0%         N/A       100%        6
 Simulacrum               Ice/Necr       2%         N/A       100%        6


Dungeon Overview and Level Annotations

Branches:
Dungeon (6/15) Zot: 26520  Temple (1/1) D:4 Zot: 5940

Altars:
Elyvilon
Fedhas
Gozag
Hepliaklqana
Makhleb
Qazlal
Ru
Trog
Uskayaw
Vehumet
Wu Jian
Yredelemnul
Zin
The Shining One

Shops:
D:1 (

Portals:
Abyss: D:5

Annotations:
D:4 exclusion: 2 downstairs
D:5 2 transporters, kevlar127's ghost, novice TrBe
D:6 Dowan; Duvessa


Innate Abilities, Weirdness & Mutations

You are a venomous arachnid creature.
You have poisonous fangs.
You are tiny and dextrous.
Your spellcasting is less reliable in this form.
Your armour is entirely melded.
You are incapable of wielding weapons or throwing items.
You cannot wear most types of armour.
((You are amphibious.))
You can wear up to eight rings at the same time.
((Your skin changes colour to match your surroundings (Stealth+).))
((Your rubbery body absorbs attacks. (AC +1, EV +1)))
((You are camouflaged when in or above water. (Stealth+)))
((You have tentacles for arms and can constrict up to eight enemies at once.))


Message History

Duvessa hits you with a +0 short sword!
You tentacle-slap Duvessa but do no damage.
You squeeze Duvessa.
Duvessa is moderately wounded.
You constrict Duvessa, but do no damage.
Duvessa closely misses you.
You miscast Spider Form.
You are very lightly contaminated with residual magic.
Nothing appears to happen.
You constrict Duvessa, but do no damage.
Duvessa says, "Where magic fails, the sword succeeds!"
Duvessa hits you with a +0 short sword.
You tentacle-slap Duvessa but do no damage.
Duvessa is moderately wounded.
You constrict Duvessa, but do no damage.
Duvessa barely misses you. x2
You tentacle-slap Duvessa but do no damage.
Duvessa is moderately wounded.
You constrict Duvessa. Duvessa hits you with a +0 short sword.
You tentacle-slap Duvessa. You squeeze Duvessa, but do no damage.
Duvessa is heavily wounded.
You constrict Duvessa. Duvessa hits you with a +0 short sword!
* * * LOW HITPOINT WARNING * * *
Really quaff
l - a potion of heal wounds {!q!d}?
You feel much better.
You constrict Duvessa. Duvessa barely misses you.
Duvessa zaps a wand.
The bolt of dispelling energy hits you!
Your magical effects are unravelling.
You turn into a venomous arachnid creature.
You lose your grip on Duvessa.
Your primal bloodlust has ended.
Duvessa hits you but does no damage.
You hit Duvessa.
Duvessa is poisoned.
Duvessa is severely wounded.
Duvessa zaps a wand.
The bolt of dispelling energy hits you!!
Your magical effects are unravelling.
* * * LOW HITPOINT WARNING * * *
Duvessa hits you with a +0 short sword.
You die...

#...## #.....
####...## ###
.......... #..
########## #.# #e#
#e# # #s# ########
# #.# #....... #.#
#.# #.##.... ..
#.# #.##.###
#.#.#########.##.#
#
#..........<..##.#
#
##.#.#######.###.#
# #...# #.# #.# #
#.#.# #.# #.# #


You could see Duvessa (fast, very poisoned) and Dowan.

Vanquished Creatures
  Sigmund (D:6)
  2 centaurs
  Blork the orc (D:4)
  A phantom (D:4)
  A scorpion (D:5)
  A necrophage (D:4)
  A hound (D:6)
  An orc priest (D:6)
  3 iguanas
  An orc wizard (D:6)
  Ijyb (D:3)
  8 adders
  3 gnolls (D:4)
  A white imp (D:5)
  2 worms (D:3)
  6 dart slugs
  7 orcs
  6 endoplasms
  4 giant cockroaches
  4 goblins
  8 hobgoblins
  3 jackals (D:1)
  6 kobolds
  3 quokkas
  11 ball pythons
  5 bats
  4 frilled lizards
  2 rats
  A spectral orc (D:3)
98 creatures vanquished.

Notes
Turn   | Place    | Note
-------+----------+-------------------------------------------
     0 | D:1      | buhh the Octopode Transmuter began the quest for the Orb.
     0 | D:1      | Reached XP level 1. HP: 13/13 MP: 3/3
   357 | D:1      | Found Giwn's Weapon Boutique.
   397 | D:1      | Reached XP level 2. HP: 10/18 MP: 3/5
   997 | D:1      | Reached XP level 3. HP: 22/23 MP: 4/6
  1689 | D:2      | Reached XP level 4. HP: 28/29 MP: 5/7
  1693 | D:2      | Learned a level 2 spell: Wereblood
  1697 | D:2      | Learned a level 3 spell: Spider Form
  2609 | D:3      | Noticed a centaur
  2620 | D:3      | Killed a centaur
  2621 | D:3      | Reached XP level 5. HP: 18/36 MP: 4/8
  2816 | D:3      | Found a faded altar of an unknown god.
  2924 | D:3      | Found a basalt altar of Yredelemnul.
  3038 | D:3      | Noticed Ijyb
  3043 | D:3      | Killed Ijyb
  3047 | D:3      | Reached XP level 6. HP: 42/42 MP: 9/9
  3833 | D:4      | Noticed Blork the orc
  3846 | D:4      | Killed Blork the orc
  3864 | D:4      | Found a staircase to the Ecumenical Temple.
  3873 | Temple   | Entered the Ecumenical Temple
  4171 | D:4      | Reached XP level 7. HP: 31/47 MP: 8/10
  4650 | D:5      | Entered Level 5 of the Dungeon
  4995 | D:5      | Found a transporter.
  5054 | D:5      | Noticed a two-headed ogre
  5081 | D:5      | Reached skill level 5 in Unarmed Combat
  5467 | D:5      | Found a one-way gate to the infinite horrors of the Abyss.
  5467 | D:5      | Noticed kevlar127's ghost (novice TrBe)
  5484 | D:5      | Found a transporter.
  5588 | D:6      | Noticed Sigmund
  5604 | D:6      | Killed Sigmund
  5699 | D:6      | Reached XP level 8. HP: 43/54 MP: 9/11
  5790 | D:6      | Reached skill level 5 in Dodging
  6048 | D:6      | Noticed Dowan
  6050 | D:6      | Noticed Duvessa
  6070 | D:6      | HP: 2/54 [Duvessa/bolt of dispelling energy (20)]
  6070 | D:6      | Slain by Duvessa

Illustrated notes

Levels and vault maps discovered:
D:1:      dpeg_arrival_water_temple_mockup, layout_loops_ring, serial_shops,
          shop, hex_large
D:2:      layout_rooms, kennysheep_generic_room_15
D:3:      layout_basic, yredelemnul_forgotten_temple_becter,
          shapermc_ecumenical_altar_totnotflames, uniq_ijyb
D:4:      layout_basic, minmay_temple_entry_overgrown, minmay_misc_feat_iff,
          uniq_blork_the_orc
D:5:      layout_cave_pods, nicolae_overflow_hidden_temple,
          gammafunk_ghost_abyssal_escape, serial_shops,
          nicolae_shop_advertising_works [nicolae_subvault_shop_adworks]
D:6:      layout_loops_ring, minmay_tree_intersection, corexii_checkpoint_b,
          guppyfry_early_elven_hall, uniq_duvessa, uniq_menkaure, uniq_sigmund
Temple:   cyrus_circular_temple

Skill      XL: |  1  2  3  4  5  6  7  8 |
---------------+-------------------------+-----
Stealth        | 1 2 |  2.0
Poison Magic   | 1 |  1.0
Fighting       | 2 3 4 |  4.6
Dodging        | 3 4 5 |  5.0
Unarmed Combat | 4 5 |  5.5
Ice Magic      | 2 |  2.4
Transmutations | 3 |  3.3
Spellcasting   | |  2.0

Action                   |  1- 3 |  4- 6 |  7- 9 || total
-------------------------+-------+-------+-------++-------
Melee: Unarmed           |    85 |   102 |    68 ||   255
       Constrict         |    19 |    25 |     4 ||    48
       Kick              |    23 |    21 |     7 ||    51
       Tentacles         |     7 |    18 |     7 ||    32
       Punch             |     3 |     6 |     3 ||    12
 Cast: Beastly Appendage |    27 |    26 |    11 ||    64
       Spider Form       |       |     2 |     4 ||     6
       Wereblood         |       |     1 |     2 ||     3
  Use: Potion            |     1 |     1 |     3 ||     5
       Scroll            |       |     7 |     4 ||    11
 Stab: Sleeping          |     8 |     8 |     2 ||    18
Armor: Skin              |    42 |     9 |     9 ||    60
Dodge: Dodged            |    38 |    60 |    43 ||   141

Table legend: (Time is in decaauts)
 A = Elapsed time spent in this place.
 B = Non-inter-level travel time spent in this place.
 C = Inter-level travel time spent in this place.
 D = Time resting spent in this place.
 E = Time spent auto-exploring this place.
 F = Levels seen in this place.
 G = Mean time per level.
                   A        B        C        D        E       F      G
               +--------+--------+--------+--------+--------+-----+--------+
         Total |   6052 |   5774 |    278 |    238 |   4772 |   7 |  864.6 |
       Dungeon |   5992 |   5722 |    270 |    238 |   4730 |   6 |  998.7 |
        Temple |     59 |     51 |      8 |      0 |     42 |   1 |   59.0 |
               +--------+--------+--------+--------+--------+-----+--------+

Top non-repeatable levels by time:
     D:4: 1386 daAuts
     D:3: 1247 daAuts
     D:1: 1210 daAuts
     D:2: 1113 daAuts
     D:5: 555 daAuts
     D:6: 479 daAuts
  Temple: 59 daAuts
